 Dungeon Crawl Stone Soup version 0.26-a0-682-g294304f6e8 (webtiles) character file.

Game seed: 18218473350935216580

378890 marklar909 the Whirler (level 23, -13/187 HPs)
             Began as a Formicid Venom Mage on Oct 20, 2020.
             Was a High Priest of Fedhas.
             Killed from afar by a deep elf mage (33 damage)
             ... with a bolt of fire
             ... on level 3 of the Vaults on Oct 22, 2020.
             The game lasted 03:39:49 (81295 turns).

marklar909 the Whirler (Formicid Venom Mage)       Turns: 81295, Time: 03:39:50

Health: -13/187    AC: 26    Str: 19    XL:     23   Next: 91%
Magic:  17/36      EV: 16    Int: 21    God:    Fedhas [*****.]
Gold:   1535       SH: 13    Dex: 17    Spells: 3/41 levels left

rFire    . . .     SeeInvis +   R - +9 fustibalus (vorpal)
rCold    . . .     Faith    .   Y - +0 kite shield {reflect}
rNeg     + . .     Spirit   .   a - +6 scale mail of Iniddotz {Int+4}
rPois    +         Reflect  +   (helmet unavailable)
rElec    +         Harm     .   T - +2 cloak
rCorr    .         Rampage  .   n - +2 pair of gloves
MR       +++..                  j - +2 pair of boots of Resourcefulness {rElec MR+ Str+4}
Stlth    ++........             x - amulet of the acrobat
HPRegen  0.41/turn              F - ring of wizardry
MPRegen  0.25/turn              N - ring of Kikubaaqudgha's Grace {*Drain rPois rN+ SInv}

@: marked
A: permanent stasis, dig shafts and tunnels, four strong arms, antennae 3
}: 2/15 runes: barnacled, gossamer
a: Dig, Shaft Self, Wall of Briars, Grow Ballistomycete, Overgrow, Grow Oklob,
Renounce Religion


You were on level 3 of the Vaults.
You worshipped Fedhas.
Fedhas was extremely pleased with you.
You visited 7 branches of the dungeon, and saw 38 of its levels.
You visited 2 bazaars.

You collected 4848 gold pieces.
You spent 3313 gold pieces at shops.

Inventory:

Hand Weapons
 R - a +9 vorpal fustibalus (weapon)
 W - a +2 sacred scourge of holy wrath
Missiles
 f - 35 javelins
 p - 321 sling bullets
 q - 753 stones (quivered)
 U - 54 silver javelins
Armour
 a - the +6 scale mail of Iniddotz (worn) {Int+4}
   (You bought it in a shop in a bazaar)

   It affects your intelligence (+4).
 j - the +2 pair of boots of Resourcefulness (worn) {rElec MR+ Str+4}
   (You acquired it on level 8 of the Dungeon)

   It affects your strength (+4).
   It insulates you from electricity.
   It affects your resistance to hostile enchantments.
 n - a +2 pair of gloves (worn)
 T - a +2 cloak (worn)
 Y - a +0 kite shield of reflection (worn)
Jewellery
 b - an uncursed ring of positive energy
 v - an uncursed ring of flight
 w - an uncursed ring of ice
 x - an amulet of the acrobat (around neck)
 F - a ring of wizardry (left hand)
 K - the ring of Luireg {rF+ MR+ rCorr}
   (You bought it in a shop on level 1 of the Elven Halls)

   [ring of resist corrosion]

   It protects you from fire.
   It affects your resistance to hostile enchantments.
   It provides partial protection from all sources of acid and corrosion.
 N - the ring of Kikubaaqudgha's Grace (right hand) {*Drain rPois rN+ SInv}
   (You bought it in a shop on level 1 of the Elven Halls)

   [ring of see invisible]

   It protects you from poison.
   It protects you from negative energy.
   It lets you see invisible.
   It causes draining when unequipped.
Wands
 c - a wand of paralysis (10)
 h - a wand of flame (26)
 k - a wand of random effects (17)
 r - a wand of disintegration (43)
 y - a wand of iceblast (51)
 L - a wand of digging (14)
Scrolls
 g - 20 scrolls of remove curse
 l - 2 scrolls of holy word
 m - 6 scrolls of fog
 o - 5 scrolls of amnesia
 s - 2 scrolls of vulnerability
 t - 6 scrolls of fear
 E - 4 scrolls of magic mapping
 G - a scroll of immolation
 M - 18 scrolls of identify
 S - 2 scrolls of summoning
Potions
 d - a potion of flight
 e - 5 potions of curing
 u - 11 potions of stabbing
 z - 11 potions of ambrosia
 A - 7 potions of might
 D - 5 potions of cancellation
 I - 5 potions of brilliance
 J - a potion of resistance
 O - 5 potions of lignification
 P - a potion of invisibility
 Q - 3 potions of mutation
 V - a potion of magic
Miscellaneous
 i - a tin of tremorstones (3/3)
 B - a phantom mirror (inert)
 C - a lightning rod (4/4)
 H - a condenser vane (1/2)
 X - a phial of floods


   Skills:
 + Level 17.0 Fighting
   Level 0.8 Staves
 + Level 17.7 Slings
 + Level 13.1 Armour
 + Level 9.8 Dodging
 + Level 5.1 Stealth
 + Level 12.7 Shields
 - Level 9.9 Spellcasting
 - Level 3.1 Conjurations
 + Level 14.4 Hexes
 * Level 13.8 Transmutations
 + Level 7.3 Fire Magic
 - Level 3.0 Air Magic
 * Level 11.0 Earth Magic
 - Level 13.3 Poison Magic
 + Level 12.8 Invocations
 + Level 2.0 Evocations


You had 3 spell levels left.
You knew the following spells:

 Your Spells              Type           Power        Failure   Level
a - Lee's Rapid Deconstr  Erth           ######....   1%          5
b - Poisonous Vapours     Pois/Air       #####.       1%          2
c - Ignite Poison         Fire/Tmut/Pois ######..     1%          3
d - Mephitic Cloud        Conj/Pois/Air  #####...     1%          3
e - Olgreb's Toxic Radia  Pois           ######..     1%          4
f - Invisibility          Hex            ######..     2%          6
g - Confusing Touch       Hex            ######..     1%          3
h - Statue Form           Tmut/Erth      ######...    6%          6
i - Eringya's Noxious Bo  Tmut/Pois      ######....   3%          6

Your spell library contained the following spells:

 Spells                   Type           Power        Failure   Level
 Beastly Appendage        Tmut           ######       1%          1
 Foxfire                  Conj/Fire      ####         1%          1
 Magic Dart               Conj           ###.         1%          1
 Shock                    Conj/Air       ###.         1%          1
 Sting                    Tmut/Pois      ####         1%          1
 Ensorcelled Hibernation  Hex/Ice        #####.       1%          2
 Passwall                 Tmut/Erth      ######..     1%          2
 Slow                     Hex            ######..     1%          2
 Dazzling Flash           Conj/Hex       #####.       1%          3
 Inner Flame              Hex/Fire       ######..     1%          3
 Stone Arrow              Conj/Erth      #####.       1%          3
 Tukima's Dance           Hex            ######..     1%          3
 Searing Ray              Conj           ###...       2%          2
 Conjure Flame            Conj/Fire      ####....     2%          3
 Corpse Rot               Necr/Air       N/A          4%          2
 Static Discharge         Conj/Air       ###.....     4%          3
 Animate Skeleton         Necr           ##....       6%          1
 Pain                     Necr           ##..         6%          1
 Call Imp                 Summ           ##......     9%          2
 Gell's Gravitas          Tloc           ##........   17%         3
 Lesser Beckoning         Tloc           ##........   17%         3
 Ozocubu's Armour         Ice            ##......     17%         3
 Teleport Other           Tloc           ##......     17%         3
 Vampiric Draining        Necr           ##........   17%         3
 Fulminant Prism          Conj/Hex       #####.....   1%          4
 Leda's Liquefaction      Hex/Erth       ######....   1%          4
 Petrify                  Tmut/Erth      ######..     1%          4
 Yara's Violent Unravell  Hex/Tmut       ######....   1%          5
 Ice Form                 Ice/Tmut       #####...     3%          4
 Hydra Form               Tmut           ######....   3%          6
 Irradiate                Conj/Tmut      #####.....   5%          5
 Sticky Flame             Conj/Fire      ####....     7%          4
 Bolt of Magma            Conj/Fire/Erth #####.....   9%          5
 Metabolic Englaciation   Hex/Ice        #####.....   9%          5
 Airstrike                Air            ###.......   16%         4
 Borgnjor's Vile Clutch   Necr/Erth      ####......   17%         5
 Fireball                 Conj/Fire      ####......   19%         5
 Hailstorm                Conj/Ice       ###.....     30%         4
 Iskenderun's Mystic Bla  Conj/Tloc      ###.....     30%         4
 Summon Lightning Spire   Summ/Air       ###.....     30%         4
 Iskenderun's Battlesphe  Conj           ###.....     41%         5
 Lightning Bolt           Conj/Air       ###.......   41%         5
 Iron Shot                Conj/Erth      #####.....   43%         6
 Animate Dead             Necr           ##........   50%         4
 Passage of Golubria      Tloc           N/A          50%         4
 Agony                    Necr           ##......     82%         5
 Excruciating Wounds      Necr           ##........   82%         5
 Summon Forest            Summ/Tloc      ##........   82%         5
 Conjure Ball Lightning   Conj/Air       ###.......   91%         6
 Freezing Cloud           Conj/Ice/Air   ###.......   98%         6
 Ozocubu's Refrigeration  Ice            ##........   100%        6
 Simulacrum               Ice/Necr       ##........   100%        6
 Orb of Destruction       Conj           ###.......   100%        7
 Spellforged Servitor     Conj/Summ      ###.......   100%        7
 Summon Hydra             Summ           ##........   100%        7
 Tornado                  Air            ###.......   100%        9
 Swiftness                Air            Unusable     N/A         2
 Blink                    Tloc           Unusable     N/A         2

Dungeon Overview and Level Annotations

Branches:
Dungeon (15/15)            Temple (0/1) D:4            Lair (6/6) D:8
 Shoals (4/4) Lair:4       Spider (4/4) Lair:4        Slime (0/5) Lair:5
    Orc (2/2) D:11            Elf (3/3) Orc:2        Vaults (4/5) D:14
  Crypt (0/3) Vaults:2     Depths (0/5) D:15

Altars:
Ashenzari
Cheibriados
Dithmenos
Elyvilon
Fedhas
Gozag
Hepliaklqana
Kikubaaqudgha
Makhleb
Nemelex Xobeh
Qazlal
Uskayaw
Yredelemnul
The Shining One
Jiyva

Shops:
D:5 (   D:11 !   Orc:2 ==[[   Elf:1 }=}   Elf:3 !   Vaults:3 ?

Annotations:
Lair:4 3 runed translucent doors, Bananafolds's ghost, journeyman MfSk; kmckee's ghost, journeyman MiFi; runemage's ghost, journeyman GnFi
Lair:6 1 runed translucent door


Innate Abilities, Weirdness & Mutations

You cannot be hasted, slowed, berserked, paralysed or teleported.
You can dig through walls and to a lower floor.
Your four strong arms can wield two-handed weapons with a shield.
You have a pair of large antennae on your head. (SInv)


Message History

The deep elf archer is engulfed in blazing flames.
The deep elf archer blinks!
The large abomination is engulfed in blazing flames.
You block the large abomination's attack.
The deep elf mage casts a spell.
The deep elf mage blinks!
Evoke which item? (* to show all) (? for menu, Esc to quit)
Okay, then.
Are you sure you want to shaft yourself?
The large abomination is engulfed in blazing flames.
You block the large abomination's attack.
The deep elf mage is engulfed in blazing flames.
You begin to dig a shaft.
You continue digging a shaft.
The large abomination is engulfed in blazing flames.
The large abomination closely misses you.
The deep elf mage is engulfed in blazing flames.
The deep elf mage casts a spell at you. The bolt of fire hits you!!
You die...
Fedhas appreciates your contribution to the ecosystem.

##########################
#........((...............
#.........................
#..........e{....{........
#.......({§§{(............
#.....###§#§###...........
#.....###§§§###...........
#.....##.§e§@##...).......
#...[.##.)§X§##....)(((...
#.....##..§§§##...(.......
#.....##)....##...........
#.....##)....##.).........
#.....#########.(.........
#.....######
#(.....)(....#
#...........
.)......(....#
#...........
.....(..((....#


You could see a deep elf archer (repels missiles), a large abomination (strong)
and a deep elf mage.

Vanquished Creatures
  Mennas (Vaults:3)
  Bai Suzhen (Vaults:2)
  Nikola (Lair:4)
  Arachne (Spider:3)
  Jorgrun (Shoals:1)
  2 deep elf master archers (Elf:3)
  A deep elf blademaster (Elf:2)
  A lich (Vaults:4)
  The ghost of Zenkrye the Spry, an adept TeCj of Sif Muna (D:15)
  4 krakens (Shoals:2)
  Frances (Shoals:2)
  3 sphinxes (Vaults:4)
  A tengu reaver (Vaults:1)
  A fire giant (Vaults:4)
  6 vault wardens
  2 deep elf sorcerers (Elf:3)
  6 deep elf elementalists
  5 emperor scorpions
  7 ghost moths
  5 ironheart preservers
  9 entropy weavers
  2 very ugly things
  4 stone giants
  5 deep elf demonologists (Elf:3)
  5 deep elf annihilators
  Nessos (D:12)
  9 deep elf death magi
  3 ettins
  3 merfolk javelineers (Shoals:4)
  2 fire dragons
  9 merfolk impalers
  8 yaktaur captains
  3 deep elf high priests
  2 great orbs of eyes (Vaults:3)
  Fannar (Lair:3)
  9 vault guards
  8 hydras
  Harold (D:9)
  A great orb of eyes (shapeshifter) (Vaults:2)
  The ghost of Astroef the Spear-Bearer, a journeyman DsFi of Fedhas (D:12)
  3 rakshasas
  7 merfolk avatars
  2 catoblepae
  7 ice dragons
  4 alligator snapping turtles
  12 centaur warriors
  38 two-headed ogres
  7 boulder beetles
  4 merfolk aquamancers (Shoals:4)
  8 ogre magi
  27 dancing weapons
  A tengu warrior (D:13)
  12 death yaks
  2 deep troll earth magi (Vaults:3)
  A death knight (Vaults:4)
  4 satyrs
  Urug (D:13)
  An orc high priest (Elf:3)
  2 hell knights (Vaults:3)
  A fire crab (Lair:5)
  18 deep elf knights
  A sun demon (D:15)
  7 skeletal warriors
  12 sea snakes
  A shadow wraith (Vaults:4)
  3 deep trolls
  2 flayed ghosts
  2 wizards
  A glowing orange brain (Vaults:3)
  3 unseen horrors
  14 ironbrand convokers
  2 lindwurms (Lair:6)
  A phantasmal warrior (Vaults:4)
  15 deep elf archers
  A kraken simulacrum (Shoals:4)
  9 harpies
  A necromancer (Vaults:4)
  66 deep elf magi
  33 wolf spiders
  A mana viper (shapeshifter) (D:15)
  7 cyclopes
  21 orb spiders
  A tengu skeleton (Vaults:4)
  12 orc knights
  16 ugly things
  6 orc sorcerers
  14 manticores
  14 fauns
  9 elephants (Lair:5)
  6 black mambas
  13 merfolk sirens
  2 human skeletons (Vaults:4)
  2 centaur zombies (D:13)
  2 moths of wrath
  10 vault sentinels
  7 water nymphs
  An eye of devastation (shapeshifter) (Elf:3)
  10 torpor snails
  4 rime drakes
  10 cane toads
  3 kobold demonologists (D:15)
  A rime drake (shapeshifter) (Vaults:4)
  A freezing wraith (Vaults:2)
  8 demonic crawlers
  A yaktaur zombie (Vaults:4)
  8 komodo dragons
  An ice devil (D:15)
  41 yaktaurs
  20 merfolk
  2 queen bees
  A polar bear (Lair:2)
  4 trolls
  4 tyrant leeches (Lair:6)
  2 meliai
  31 jumping spiders
  23 hornets
  A raiju (shapeshifter) (D:14)
  A jumping spider (shapeshifter) (Vaults:4)
  4 wind drakes
  14 slime creatures
  11 snapping turtles
  24 blink frogs
  Sigmund (D:3)
  9 dream sheep
  2 air elementals
  36 tarantellas
  A spriggan (Lair:3)
  5 shadows
  73 redbacks
  2 humans (shapeshifter)
  2 wraiths
  12 water elementals
  A vampire (D:11)
  2 wyverns
  3 basilisks
  16 humans
  2 fire elementals
  74 yaks
  A basilisk (shapeshifter) (Vaults:3)
  A yaktaur simulacrum (Vaults:1)
  5 vampire mosquitoes
  A soldier ant (D:14)
  4 wargs
  2 acid dragons
  9 water moccasins
  38 orc warriors
  2 sky beasts
  An ice beast (D:14)
  A black bear (Lair:1)
  2 phantoms
  24 ogres
  3 boggarts (Vaults:2)
  29 centaurs
  13 wolves
  6 big kobolds
  13 bullfrogs
  A gnoll sergeant (D:5)
  A wyvern zombie (D:15)
  5 earth elementals
  A glowing shapeshifter simulacrum (Vaults:1)
  2 scorpions
  35 killer bees
  A howler monkey (D:12)
  3 wights (D:8)
  An electric eel (Spider:2)
  4 crimson imps (D:15)
  A lava snake (D:12)
  5 jellies
  8 orc priests
  A bullfrog skeleton (D:13)
  13 hounds
  A gnoll shaman (D:4)
  24 orc wizards
  2 centaur skeletons
  2 iguanas
  Natasha (thrice) (D:3)
  13 worker ants
  A hound zombie (D:11)
  A hound skeleton (D:5)
  A mummy (D:7)
  Robin (D:3)
  9 adders
  9 gnolls
  A shadow imp (D:7)
  6 white imps
  An ufetubus (D:7)
  An ooze (D:3)
  An adder zombie (D:10)
  2 worms
  2 dart slugs
  A leopard gecko (D:9)
  83 orcs
  7 giant cockroaches
  11 goblins
  14 hobgoblins
  2 jackals (D:5)
  22 kobolds
  2 quokkas
  2 ball pythons (D:3)
  6 bats
  7 frilled lizards
  2 jackal skeletons (D:4)
  6 rats
  A tentacle (Shoals:4)
1572 creatures vanquished.

Vanquished Creatures (collateral kills)
  Rupert (Lair:6)
  A stone giant (Vaults:2)
  A black mamba (Lair:1)
  A storm dragon simulacrum (Vaults:2)
  A polar bear (shapeshifter) (Vaults:2)
  3 redbacks
  2 yaks (Lair:6)
  A water moccasin (Lair:1)
  An orc warrior (Vaults:2)
  An ogre (Vaults:2)
  A bullfrog (D:12)
  2 orcs (Vaults:2)
  36 ballistomycete spores
52 creatures vanquished.

Vanquished Creatures (others)
  2 deep elf blademasters (Elf:3)
  Donald (Elf:3)
  Ilsuiw (Shoals:2)
  A vault warden (Vaults:3)
  A deep elf sorcerer (Elf:3)
  2 very ugly things
  A deep elf annihilator (Elf:3)
  An ice dragon (D:15)
  2 vault guards
  A boulder beetle (Vaults:2)
  A centaur warrior (Vaults:3)
  A merfolk aquamancer (Shoals:4)
  A small abomination (Elf:3)
  3 ugly things
  A wolf spider (Spider:1)
  A deep elf mage (Elf:2)
  A vault sentinel (Vaults:4)
  A kobold demonologist (D:13)
  A tarantella (Spider:1)
  A warg (Vaults:1)
  An orc warrior (Vaults:1)
  An orc wizard (Vaults:1)
  An orc (Vaults:3)
  3 ballistomycete spores
  55 fungi
  219 plants
  84 tentacles
  2 withered plants (Lair:4)
391 creatures vanquished.

Grand Total: 2015 creatures vanquished

Notes
Turn   | Place    | Note
-------+----------+-------------------------------------------
     0 | D:1      | marklar909 the Formicid Venom Mage began the quest for the
                  | Orb.
     0 | D:1      | Reached XP level 1. HP: 13/13 MP: 3/3
   141 | D:1      | Reached XP level 2. HP: 8/19 MP: 0/5
   947 | D:1      | Reached XP level 3. HP: 13/24 MP: 0/6
  1957 | D:2      | Found a broken altar of Ashenzari.
  2625 | D:2      | Learned a level 2 spell: Poisonous Vapours
  2858 | D:3      | Noticed Sigmund
  3299 | D:3      | Reached XP level 4. HP: 30/30 MP: 8/8
  3380 | D:3      | Reached skill level 5 in Poison Magic
  3420 | D:3      | Killed Sigmund
  3420 | D:3      | Reached skill level 1 in Armour
  3420 | D:3      | Reached XP level 5. HP: 27/36 MP: 8/10
  3420 | D:3      | Reached XP level 6. HP: 32/42 MP: 8/11
  3525 | D:3      | Noticed Robin
  3534 | D:3      | Killed Robin
  3545 | D:3      | Learned a level 3 spell: Ignite Poison
  3620 | D:3      | Reached skill level 1 in Fighting
  3625 | D:3      | Learned a level 3 spell: Mephitic Cloud
  3926 | D:3      | Noticed Natasha
  3937 | D:3      | Killed Natasha
  4045 | D:3      | Noticed Natasha
  4047 | D:3      | Killed Natasha
  4130 | D:3      | Noticed Natasha
  4138 | D:3      | Killed Natasha
  4325 | D:4      | Noticed an ogre
  4332 | D:4      | Killed an ogre
  4332 | D:4      | Reached XP level 7. HP: 49/49 MP: 9/12
  4828 | D:4      | Found a blossoming altar of Fedhas.
  4829 | D:4      | Found a glowing golden altar of the Shining One.
  4829 | D:4      | Found an opulent altar of Gozag.
  4835 | D:4      | Found a basalt altar of Yredelemnul.
  4835 | D:4      | Found a sparkling altar of Nemelex Xobeh.
  4836 | D:4      | Found a hazy altar of Hepliaklqana.
  4840 | D:4      | Became a worshipper of Fedhas Madash
  4996 | D:4      | Reached skill level 1 in Air Magic
  5293 | D:4      | Found a staircase to the Ecumenical Temple.
  5469 | D:4      | Reached XP level 8. HP: 55/57 MP: 11/14
  5622 | D:5      | Entered Level 5 of the Dungeon
  5945 | D:5      | Found Leusik's Weapon Boutique.
  6129 | D:5      | Reached skill level 5 in Slings
  6385 | D:5      | Found an ancient bone altar of Kikubaaqudgha.
  6562 | D:5      | Found a glowing golden altar of the Shining One.
  6820 | D:6      | Reached XP level 9. HP: 64/65 MP: 12/15
  6866 | D:6      | Reached * piety under Fedhas
  7047 | D:6      | Found a shadowy altar of Dithmenos.
  7077 | D:6      | Learned a level 4 spell: Olgreb's Toxic Radiance
  7369 | D:6      | Reached skill level 1 in Fire Magic
  8748 | D:7      | Found a snail-covered altar of Cheibriados.
  9200 | D:8      | Noticed a two-headed ogre
  9211 | D:8      | Killed a two-headed ogre
  9211 | D:8      | Reached skill level 5 in Spellcasting
  9211 | D:8      | Reached skill level 1 in Conjurations
  9380 | D:8      | Found a staircase to the Lair.
  9402 | D:8      | Found a stormy altar of Qazlal.
  9440 | D:8      | Noticed Harold
  9520 | D:8      | Reached XP level 10. HP: 73/73 MP: 12/17
  9589 | D:8      | Found a glowing golden altar of the Shining One.
  9674 | D:8      | Reached skill level 5 in Fighting
  9961 | D:8      | Reached ** piety under Fedhas
 10021 | D:8      | Found a hide-covered altar of Uskayaw.
 10131 | D:8      | Found a burning altar of Makhleb.
 10489 | D:9      | Killed Harold
 10489 | D:9      | Reached skill level 1 in Invocations
 10726 | D:8      | Reached XP level 11. HP: 52/81 MP: 5/20
 11349 | D:9      | Noticed a two-headed ogre
 11377 | D:9      | Killed a two-headed ogre
 12300 | D:10     | Entered Level 10 of the Dungeon
 12890 | D:10     | Noticed an unseen horror
 12897 | D:10     | Killed an unseen horror
 13465 | D:11     | Reached skill level 10 in Slings
 13817 | D:11     | Noticed a two-headed ogre
 13827 | D:11     | Killed a two-headed ogre
 13827 | D:11     | Reached skill level 1 in Shields
 13937 | D:11     | Reached *** piety under Fedhas
 14049 | D:11     | Found Odirep's Distillery.
 14144 | D:11     | Found a flickering gateway to a bazaar.
 14149 | Bazaar   | Entered a bazaar
 14157 | Bazaar   | Found Gofoa's Jewellery Shop.
 14157 | Bazaar   | Found Boupsurgh's Book Shop.
 14219 | Bazaar   | Bought a book of Burglary for 525 gold pieces
 14231 | Bazaar   | Learned a level 6 spell: Invisibility
 14393 | D:11     | Bought a potion of brilliance for 56 gold pieces
 14393 | D:11     | Bought a potion of might for 56 gold pieces
 14393 | D:11     | Bought a potion of curing for 42 gold pieces
 14738 | D:11     | Noticed a brown ugly thing
 14744 | D:11     | Killed a brown ugly thing
 14744 | D:11     | Reached skill level 1 in Hexes
 14869 | D:11     | Found a staircase to the Orcish Mines.
 15213 | D:12     | Reached skill level 5 in Armour
 15227 | D:12     | Noticed a green ugly thing
 15228 | D:12     | Reached **** piety under Fedhas
 15233 | D:12     | Noticed a two-headed ogre
 15251 | D:11     | Killed a green ugly thing
 15251 | D:11     | Reached XP level 12. HP: 39/89 MP: 14/22
 15253 | D:11     | Killed a two-headed ogre
 15566 | D:12     | Noticed a four-headed hydra
 15568 | D:12     | Found a large runed translucent door.
 15573 | D:12     | Found a large runed translucent door.
 15583 | D:12     | Killed a four-headed hydra
 15653 | D:12     | Noticed Astroef's ghost (journeyman DsFi)
 15877 | D:12     | Noticed a skeletal warrior
 15908 | D:12     | Killed a skeletal warrior
 15909 | D:12     | Noticed a skeletal warrior
 15918 | D:12     | Noticed a skeletal warrior
 16022 | Lair:1   | Entered Level 1 of the Lair of Beasts
 16483 | Lair:1   | Reached skill level 5 in Hexes
 17414 | Lair:2   | Reached skill level 5 in Invocations
 18162 | Lair:2   | Reached XP level 13. HP: 96/96 MP: 18/24
 18563 | Lair:2   | Reached skill level 5 in Shields
 18811 | Lair:2   | You fall into a shaft and drop 2 floors!
 19080 | Lair:3   | You fall into a shaft and drop 3 floors!
 19080 | Lair:6   | Entered Level 6 of the Lair of Beasts
 19108 | Lair:6   | Noticed an eight-headed hydra
 19127 | Lair:6   | Killed an eight-headed hydra
 19155 | Lair:6   | Reached skill level 10 in Poison Magic
 19159 | Lair:6   | Reached skill level 5 in Transmutations
 19390 | Lair:6   | Identified a scroll of acquirement
 19390 | Lair:6   | Acquired the Collected Works on Battle Magic and Evil Magic
 19531 | Lair:6   | Noticed Rupert
 19559 | Lair:6   | Killed Rupert
 20150 | Lair:5   | Noticed a catoblepas
 20171 | Lair:5   | Killed a catoblepas
 20484 | Lair:4   | Found a staircase to the Shoals.
 20586 | Lair:4   | Reached XP level 14. HP: 106/106 MP: 16/26
 20740 | Lair:4   | Found a hole to the Spider Nest.
 20934 | Lair:4   | Found a runed translucent gate.
 20935 | Lair:4   | Found a runed translucent gate.
 20936 | Lair:4   | Found a runed translucent gate.
 20937 | Lair:4   | Noticed Bananafolds's ghost (journeyman MfSk)
 20937 | Lair:4   | Noticed kmckee's ghost (journeyman MiFi)
 20937 | Lair:4   | Noticed runemage's ghost (journeyman GnFi)
 20937 | Lair:4   | Noticed Bananafolds's ghost (journeyman MfSk)
 20940 | Lair:4   | Found the amulet of the Air {Inacc +Fly rElec EV+5 RMsl}
 22133 | Lair:3   | Noticed Fannar
 22143 | Lair:3   | Killed Fannar
 23108 | Lair:5   | Reached skill level 10 in Hexes
 23350 | Lair:5   | Found a staircase to the Slime Pits.
 23350 | Lair:5   | Found a viscous altar of Jiyva.
 24212 | Lair:6   | Reached ***** piety under Fedhas
 24406 | Lair:6   | Reached XP level 15. HP: 112/112 MP: 28/28
 24524 | Lair:6   | Found a runed translucent door.
 25208 | Lair:6   | HP: 4/113 [black mamba (9)]
 26638 | Orc:1    | Entered Level 1 of the Orcish Mines
 27110 | Orc:2    | Entered Level 2 of the Orcish Mines
 28565 | Orc:2    | Found Daetros's Armour Boutique.
 28565 | Orc:2    | Found Ijimenar's Jewellery Shoppe.
 28579 | Orc:2    | Found Pigg's Jewellery Emporium.
 28581 | Orc:2    | Found Wiaximoe's Antique Armour Shop.
 28724 | Orc:2    | Found a staircase to the Elven Halls.
 29840 | D:12     | Noticed Nessos
 29882 | D:12     | Killed Nessos
 30457 | Orc:2    | Bought the +1 scale mail "Etova" {*Slow rPois Slay+2} for
                  | 391 gold pieces
 31201 | D:13     | Found a flickering gateway to a bazaar.
 31327 | Bazaar   | Entered a bazaar
 31366 | Bazaar   | Found Yxankan's Antique Weapon Emporium.
 31379 | Bazaar   | Found Xuitil's Antique Weapon Shoppe.
 31384 | Bazaar   | Bought a twisted hunting sling for 201 gold pieces
 31394 | Bazaar   | Found Uqoagaokh's Antique Armour Shoppe.
 31399 | Bazaar   | Bought a translucent scale mail for 297 gold pieces
 31405 | Bazaar   | Found Heetunyosch's Antique Armour Emporium.
 31410 | Bazaar   | Bought a spiked chain mail for 313 gold pieces
 31576 | D:13     | Reached XP level 16. HP: 113/120 MP: 23/29
 32100 | D:13     | Identified the +7 hunting sling of the Endless Expanse
                  | {vorpal, +Inv MR+} (You bought it in a shop in a bazaar)
 32104 | D:13     | Identified the +6 scale mail of Iniddotz {Int+4} (You
                  | bought it in a shop in a bazaar)
 32123 | D:14     | Found a gate to the Vaults.
 32123 | D:14     | Noticed Urug
 32129 | D:13     | Killed Urug
 32132 | D:13     | Reached ****** piety under Fedhas
 33907 | D:14     | Reached skill level 10 in Fighting
 34160 | D:14     | Identified the +13 chain mail of the Sky {+Inv rF- Str+4}
                  | (You bought it in a shop in a bazaar)
 34165 | D:14     | Learned a level 3 spell: Confusing Touch
 34169 | D:14     | Learned a level 3 spell: Dazzling Flash
 34172 | D:15     | Entered Level 15 of the Dungeon
 34201 | D:15     | Noticed Zenkrye's ghost (adept TeCj)
 34612 | D:15     | Found a transporter.
 35169 | D:15     | Found a white marble altar of Elyvilon.
 35678 | D:15     | Found a staircase to the Depths.
 36289 | Shoals:1 | Entered Level 1 of the Shoals
 38007 | Shoals:1 | Learned a level 6 spell: Eringya's Noxious Bog
 38124 | Shoals:1 | Noticed Jorgrun
 38139 | Shoals:1 | Killed Jorgrun
 38892 | Shoals:1 | Reached XP level 17. HP: 129/129 MP: 30/30
 39247 | Shoals:2 | Noticed Frances
 39259 | Shoals:2 | Killed Frances
 39480 | Shoals:2 | Reached skill level 10 in Invocations
 39959 | Shoals:2 | Noticed a kraken
 39960 | Shoals:2 | Noticed a kraken
 39961 | Shoals:2 | Noticed Ilsuiw
 39982 | Shoals:2 | Killed Ilsuiw
 40226 | Shoals:2 | Killed a kraken
 40230 | Shoals:2 | Killed a kraken
 40230 | Shoals:2 | Reached skill level 5 in Dodging
 40456 | Shoals:2 | Noticed a kraken
 40624 | Shoals:2 | Noticed a kraken
 40647 | Shoals:2 | Killed a kraken
 40748 | Shoals:2 | Killed a kraken
 41590 | Shoals:3 | Reached skill level 5 in Fire Magic
 41847 | Shoals:4 | Entered Level 4 of the Shoals
 42514 | Shoals:4 | Reached XP level 18. HP: 126/140 MP: 8/31
 42980 | Shoals:4 | Identified the Disquisition on Bewitching Darkness
 43024 | Shoals:4 | Found the +3 robe of Clouds {+Thunder rCloud rElec}
 43765 | Shoals:4 | Found the +9 staff of Olgreb {rPois∞}
 43904 | Shoals:4 | Reached skill level 10 in Armour
 44504 | Shoals:4 | Got a barnacled rune of Zot
 45203 | Spider:1 | Entered Level 1 of the Spider Nest
 45203 | Spider:1 | Noticed Nikola
 45834 | Lair:4   | You fall into a shaft and drop 2 floors!
 46857 | Lair:4   | Reached skill level 10 in Shields
 46860 | Lair:4   | Killed Nikola
 48650 | Spider:2 | Reached XP level 19. HP: 127/149 MP: 30/32
 51018 | Spider:3 | Reached skill level 15 in Slings
 51876 | Spider:4 | Entered Level 4 of the Spider Nest
 52401 | Spider:4 | Noticed Arachne
 52432 | Spider:3 | Killed Arachne
 54456 | Spider:4 | Reached skill level 10 in Transmutations
 55775 | Spider:4 | Reached XP level 20. HP: 154/160 MP: 19/33
 56661 | Spider:4 | Got a gossamer rune of Zot
 57117 | Orc:2    | Learned a level 4 spell: Leda's Liquefaction
 57198 | Elf:1    | Entered Level 1 of the Elven Halls
 57486 | Elf:1    | Reached skill level 1 in Earth Magic
 58797 | Elf:1    | Found Teitsoco's Gadget Shoppe.
 58798 | Elf:1    | Found Ongevud's Jewellery Boutique.
 58799 | Elf:1    | Found Odilenogh's Gadget Shoppe.
 59710 | Elf:2    | Found a huge runed translucent gate.
 59710 | Elf:2    | Found a huge runed translucent gate.
 59710 | Elf:2    | Found a huge runed translucent gate.
 59710 | Elf:2    | Found a huge runed translucent gate.
 59710 | Elf:2    | Found a huge runed translucent gate.
 60937 | Elf:3    | Entered Level 3 of the Elven Halls
 60942 | Elf:3    | Reached skill level 5 in Stealth
 61113 | Elf:3    | Noticed Donald
 61128 | Elf:3    | Killed Donald
 61669 | Elf:3    | Found Elifuxzu's Distillery.
 61675 | Elf:3    | Noticed a Tzitzimitl
 61710 | Elf:3    | Reached XP level 21. HP: 167/167 MP: 23/34
 61788 | Elf:3    | Bought a potion of heal wounds for 85 gold pieces
 61788 | Elf:3    | Bought a potion of curing for 51 gold pieces
 61788 | Elf:3    | Bought a potion of heal wounds for 85 gold pieces
 62795 | Elf:3    | Reached skill level 15 in Fighting
 63134 | Elf:3    | Identified the +9 spear of Kaysuhos {freeze, MR- Str+4 SInv
                  | Stlth+}
 63513 | Elf:3    | Identified the +8 mace of Victory {vorpal, rN++ SInv}
 63678 | Elf:3    | Reached skill level 5 in Earth Magic
 63710 | Elf:3    | Identified the +8 mace of Crusades {vorpal, rPois MR+
                  | Int+2}
 63716 | Elf:3    | Identified the +0 robe of Igium {Harm +Blink rPois rC-}
 64034 | Elf:3    | Identified the +9 quarterstaff of Pestilence {venom, MP+9}
 64224 | Elf:3    | Noticed a Brimstone Fiend
 65374 | Elf:3    | Identified the Guide on Confrontation and Cold
 65442 | Elf:3    | Found the +9 heavy crossbow "Sniper" {vorpal, Acc+∞ SInv}
 65459 | Elf:3    | Identified the Catalogue of the Frostbite
 65469 | Elf:3    | Identified Sif Muna's Reference Book on Weightlessness
 65473 | Elf:3    | Identified the Catalogue of Icy Transmigration
 65477 | Elf:3    | Identified Doeji's Tome of Entrancing Feathers
 66047 | Lair:4   | Learned a level 6 spell: Statue Form
 66409 | Elf:1    | Bought the ring of Luireg {rF+ MR+ rCorr} for 594 gold
                  | pieces
 66409 | Elf:1    | Bought the ring of Kikubaaqudgha's Grace {*Drain rPois rN+
                  | SInv} for 372 gold pieces
 66690 | Elf:2    | Reached skill level 1 in Evocations
 68226 | D:8      | Acquired a +1 vorpal fustibalus
 68230 | D:8      | Acquired 390 gold pieces
 68234 | D:8      | Acquired the +2 pair of boots of Resourcefulness {rElec MR+
                  | Str+4}
 68470 | D:12     | Killed Astroef's ghost
 68527 | D:15     | Found a transporter.
 69025 | D:15     | Killed Zenkrye's ghost
 69531 | Vaults:1 | Entered Level 1 of the Vaults
 70063 | Vaults:1 | Reached XP level 22. HP: 176/176 MP: 28/35
 72632 | Vaults:2 | Found a staircase to the Crypt.
 72632 | Vaults:2 | Found a basalt altar of Yredelemnul.
 72633 | Vaults:2 | Found an ancient bone altar of Kikubaaqudgha.
 75583 | Vaults:3 | Found Vilaum's Magic Scroll Boutique.
 75584 | Vaults:3 | Noticed Bai Suzhen
 75642 | Vaults:2 | Killed Bai Suzhen
 76216 | Vaults:3 | Bought a scroll of enchant weapon for 127 gold pieces
 76216 | Vaults:3 | Bought a scroll of immolation for 59 gold pieces
 76216 | Vaults:3 | Bought a scroll of magic mapping for 59 gold pieces
 76225 | Vaults:3 | Learned a level 5 spell: Lee's Rapid Deconstruction
 76237 | Vaults:3 | Reached XP level 23. HP: 184/184 MP: 25/36
 76423 | Vaults:3 | Noticed Mennas
 76498 | Vaults:3 | You fall into a shaft and drop 1 floor!
 77426 | Vaults:4 | Reached skill level 10 in Earth Magic
 80533 | Vaults:3 | Killed Mennas
 81295 | Vaults:3 | Killed from afar by a deep elf mage

Illustrated notes

Levels and vault maps discovered:
D:1:      lightli_arrival_isolated_outpost, layout_loops_cross,
          minmay_misc_feat_enclosed
D:2:      layout_basic, lemuel_crystal_altar
D:3:      layout_loops_ring, uniq_sigmund, uniq_natasha, uniq_robin
D:4:      layout_loops_ring, grunt_temple_overflow_open,
          minmay_temple_entry_tees, dk_noncrumbling_2,
          minmay_fractal_squares_diagonal_5
D:5:      layout_cave_pods, nicolae_overflow_crystal_walls, serial_shops,
          shop_fountains, tso_altar
D:6:      layout_basic, grunt_dithmenos_smoke_and_mirrors
D:7:      layout_basic, slow_altar_2
D:8:      layout_gridville, grunt_qazlal_sundering, lemuel_crystal_altar,
          lemuel_round_altar, dpeg_oklobed_lair, lemuel_altar_in_water,
          uniq_harold
D:9:      layout_irregular_city
D:10:     cheibrodos_elevator_heist, layout_loops_corners
D:11:     layout_roguey, hiddenorc1_lemuel, serial_shops, bzr_entry_road, shop,
          nrook_loot_triangle
D:12:     layout_cross, ebering_ghost_disaster_area, kennysheep_pointless_box,
          uniq_nessos
D:13:     layout_roguey, serial_shops, bzr_entry_dummy, lemuel_flamethrower_3
D:14:     layout_loops_ring, david_vaults_3, nrook_campfire,
          minmay_stone_trees_small
D:15:     grunt_enter_depths_hoard, layout_basic, basic_altar,
          gammafunk_ghost_hive, minmay_fire_ice_demons
Lair:1:   layout_cave_pods, serial_bayou, serial_bayou_lagoon_a,
          serial_bayou_pond_a, serial_bayou_ford_a, serial_bayou_pond_a
Lair:2:   layout_roguey, special_room [special_room_bee], minivault_19,
          serial_bayou_shore_a, grunt_megastairs_3, lemuel_fruit_fields
Lair:3:   layout_small_grid, grunt_forest_large_clearing_hut,
          grunt_megastairs_4, uniq_fannar
Lair:4:   layout_roguey, shoals_dummy_entry, dummy_spider_entry,
          gammafunk_ghost_cemetery
Lair:5:   layout_gridlike, slime_altar_1, grunt_megastairs_1
Lair:6:   wormcave, layout_gridlike, uniq_rupert
Shoals:1: layout_shoals, uniq_jorgrun
Shoals:2: layout_shoals, nicolae_shoals_kraken_party, uniq_frances, uniq_ilsuiw
Shoals:3: layout_shoals
Shoals:4: shoals_end_grunt_ice, layout_shoals, shoal_ilsuiw
Spider:1: layout_spider_delve, spiders_nest_hornet_nest, uniq_nikola
Spider:2: layout_spider_delve
Spider:3: layout_spider_delve, hangedman_spider_tarantella_strand
Spider:4: johnstein_spider_rune_arachne_lair
Orc:1:    layout_diamond_mine
Orc:2:    st_orc_rangers, layout_caves
Elf:1:    eino_elf_arrival_the_gate, layout_geoelf_octagon,
          hangedman_elf_represent, st_stairs_4, minmay_shop_grove
Elf:2:    layout_geoelf_octagon
Elf:3:    grunt_elf_hall_asides, layout_rooms, serial_shops, shop, uniq_donald
Vaults:1: vaults_room_stairs_pillars, hangedman_vaults_river_flow, v_misc_16,
          hangedman_vaults_pinch, vaults_dpeg_diagonal,
          nicolae_vaults_border_crossing, v_misc_12, nicolae_vaults_asterisk,
          v_alt_pattern_6, vaults_room_fancy_cross, ontoclasm_vaults_idyll,
          v_misc_15, v_rooms_3, ontoclasm_vaults_gateway, vaults_dpeg_cross,
          layout_vaults_omnibox
Vaults:2: ontoclasm_vaults_fault, st_lattice, minmay_crypt_entry_necro_gods,
          grunt_vaults_swirl, v_misc_29, hangedman_vaults_corner,
          ontoclasm_vaults_bender, vaults_dpeg_doors, ontoclasm_vaults_pinch,
          vaults_mumra_hex, hangedman_vaults_slice, ontoclasm_vaults_eye,
          layout_vaults_omnicross
Vaults:3: v_alt_pattern_4, dpeg_vaults_monster_box, v_alt_pattern_2,
          nicolae_vaults_yaktaur_gun_rack, v_misc_28,
          nicolae_vaults_network_periphery, hangedman_vaults_impose,
          nicolae_vaults_angled_halls, hangedman_vaults_trim,
          nicolae_vaults_specimen_jars, layout_vaults_chaotic_city,
          serial_shops, shop_fountains, uniq_bai_suzhen, uniq_mennas,
          uniq_margery
Vaults:4: nicolae_vaults_arrows, nicolae_vaults_sealed_display,
          vaults_mumra_minichess, vaults_room_guarded_vault,
          vaults_room_semicircle, hangedman_vaults_corner_blocks,
          ontoclasm_vaults_ring_small, nicolae_vaults_mini_display_case,
          layout_vaults_omnigrid

Skill      XL: |  1  2  3  4  5  6  7  8  9 10 11 12 13 14 15 16 17 18 19 20 21 22 23 |
---------------+----------------------------------------------------------------------+-----
Dodging        | 2 3 4 5 7 8 9 |  9.8
Poison Magic   | 5 6 7 8 9 10 11 12 13 | 13.3
Slings         | 2 3 4 5 8 9 10 11 12 13 14 15 16 17 | 17.7
Armour         | 1 2 3 5 6 7 8 9 10 11 12 13 | 13.1
Spellcasting   | 3 4 5 6 7 8 9 |  9.9
Transmutations | 2 3 4 5 6 8 10 11 12 13 | 13.8
Fighting       | 1 2 3 4 5 6 7 8 9 10 11 13 14 15 16 17 | 17.0
Air Magic      | 1 2 3 |  3.0
Stealth        | 3 4 5 |  5.1
Fire Magic     | 1 2 3 4 5 6 7 |  7.3
Conjurations   | 1 2 3 |  3.1
Invocations    | 2 4 5 6 8 9 10 12 | 12.8
Shields        | 2 4 5 6 8 9 10 11 12 | 12.7
Hexes          | 2 6 8 10 11 12 13 14 | 14.4
Earth Magic    | 4 7 9 11 | 11.0
Evocations     | 1 2 |  2.0
Staves         | |  0.8

Action                   |  1- 3 |  4- 6 |  7- 9 | 10-12 | 13-15 | 16-18 | 19-21 | 22-24 || total
-------------------------+-------+-------+-------+-------+-------+-------+-------+-------++-------
Melee: Unarmed           |    21 |       |       |       |       |       |       |       ||    21
       Staff             |       |       |       |       |       |    34 |       |       ||    34
       Hunting sling     |       |       |       |       |       |     1 |       |       ||     1
 Fire: Hunting sling     |     3 |    76 |   308 |   555 |   928 |  1124 |  1386 |       ||  4380
       Fustibalus        |       |       |       |       |       |       |   148 |   940 ||  1088
 Cast: Sting             |    59 |    12 |    29 |     7 |    19 |       |       |     1 ||   127
       Poisonous Vapours |       |     9 |    51 |    39 |    72 |   193 |   207 |   107 ||   678
       Mephitic Cloud    |       |       |    11 |    26 |    14 |    23 |    19 |     1 ||    94
       Ignite Poison     |       |       |     5 |    24 |    59 |    88 |    73 |    68 ||   317
       Olgreb's Toxic Ra |       |       |       |    14 |    52 |    48 |    52 |    33 ||   199
       Invisibility      |       |       |       |       |       |    32 |    49 |    11 ||    92
       Dazzling Flash    |       |       |       |       |       |       |     1 |       ||     1
       Eringya's Noxious |       |       |       |       |       |       |    13 |    17 ||    30
       Confusing Touch   |       |       |       |       |       |       |     3 |       ||     3
       Statue Form       |       |       |       |       |       |       |     1 |       ||     1
Invok: Wall of Briars    |       |       |       |     6 |     3 |     3 |     2 |     4 ||    18
       Grow Ballistomyce |       |       |       |     2 |     4 |     2 |     3 |     3 ||    14
       Overgrow          |       |       |       |       |     1 |       |     1 |       ||     2
       Grow Oklob        |       |       |       |       |       |       |     5 |     4 ||     9
 Abil: Dig               |     2 |       |       |       |     4 |     8 |     3 |     2 ||    19
       Shaft Self        |       |       |       |       |       |     1 |       |     2 ||     3
Evoke: Wand              |       |     5 |       |       |     1 |       |     3 |       ||     9
       Phantom mirror    |       |       |       |       |     1 |       |     1 |     1 ||     3
       Condenser vane    |       |       |       |       |       |       |     3 |     4 ||     7
       Tin of tremorston |       |       |       |       |       |       |     3 |     2 ||     5
       Phial of floods   |       |       |       |       |       |       |     1 |       ||     1
  Use: Scroll            |       |    13 |     7 |    11 |    13 |    10 |    14 |     5 ||    73
       Potion            |       |       |       |     1 |       |     8 |    10 |     4 ||    23
Armor: Robe              |     7 |       |       |       |       |       |       |       ||     7
       Ring mail         |     4 |     1 |    49 |    72 |    27 |       |       |       ||   153
       Scale mail        |       |       |       |       |    89 |   166 |   207 |   127 ||   589
Dodge: Dodged            |    35 |    12 |    70 |   101 |   140 |   294 |   351 |   198 ||  1201
       Repelled          |       |       |       |       |     4 |     7 |     8 |       ||    19
Block: Kite shield       |       |       |       |    45 |   200 |   306 |   387 |   234 ||  1172
       Reflection        |       |       |       |       |       |       |     7 |    53 ||    60

Table legend: (Time is in decaauts)
 A = Elapsed time spent in this place.
 B = Non-inter-level travel time spent in this place.
 C = Inter-level travel time spent in this place.
 D = Time resting spent in this place.
 E = Time spent auto-exploring this place.
 F = Levels seen in this place.
 G = Mean time per level.
                   A        B        C        D        E       F      G
               +--------+--------+--------+--------+--------+-----+--------+
         Total |  80124 |  71347 |   8777 |  16211 |  43149 |  40 | 2003.1 |
       Dungeon |  24675 |  21121 |   3554 |   2818 |  15077 |  15 | 1645.0 |
          Lair |  13439 |  12170 |   1269 |   3460 |   7240 |   6 | 2239.8 |
        Shoals |   8056 |   7415 |    641 |   1593 |   4364 |   4 | 2014.0 |
   Spider Nest |   9585 |   9258 |    327 |   1905 |   5768 |   4 | 2396.2 |
  Orcish Mines |   3467 |   2720 |    747 |   1206 |   1161 |   2 | 1733.5 |
   Elven Halls |   9233 |   7983 |   1250 |   2575 |   3732 |   3 | 3077.7 |
        Vaults |  11464 |  10476 |    988 |   2654 |   5673 |   4 | 2866.0 |
        Bazaar |    201 |    201 |      0 |      0 |    132 |   2 |  100.5 |
               +--------+--------+--------+--------+--------+-----+--------+

Top non-repeatable levels by time:
   Elf:2: 3744 daAuts
  Lair:4: 3728 daAuts
Vaults:4: 3667 daAuts
Vaults:2: 3551 daAuts
Spider:3: 3433 daAuts
   Elf:3: 3392 daAuts
Shoals:4: 3135 daAuts
  Lair:6: 2986 daAuts
Spider:4: 2970 daAuts
Vaults:1: 2903 daAuts
    D:15: 2801 daAuts
Spider:2: 2472 daAuts
     D:8: 2457 daAuts
    D:11: 2339 daAuts
Shoals:1: 2180 daAuts
